 Dungeon Crawl Stone Soup version 0.19-a0-990-gf36c7f1 (webtiles) character file.

2331 Implojin the Grappler (level 9, 45/80 HPs)
             Began as a Troll Fighter on July 14, 2016.
             Quit the game on level 6 of the Dungeon.
             The game lasted 00:13:06 (2106 turns).

Implojin the Grappler (Troll Fighter)               Turns: 2106, Time: 00:13:07

Health: 45/80      AC:  5    Str: 26    XL:     9   Next: 19%
Magic:  5/8        EV:  8    Int:  4    God:
Gold:   217        SH:  9    Dex: 12    Spells: 0 memorised, 8 levels left

rFire  . . .     SeeInvis .       - Unarmed
rCold  + . .     Gourm    +     a - +0 robe
rNeg   . . .     Faith    .     b - +0 shield
rPois  .         Spirit   +     (helmet restricted)
rElec  .         Dismiss  .     (no cloak)
rCorr  .         Reflect  .     (gloves unavailable)
SustAt .         Harm     .     (boots unavailable)
MR     .....                    q - amulet of guardian spirit
Stlth  +.........               v - ring of protection from cold
                                (no ring)

@: mildly poisoned (45 -> 45), not resistant to hostile enchantments, very
unstealthy
A: unfitting armour, claws 3, fast metabolism 3, gourmand, regeneration 2,
shaggy fur 1, tough skin 2
a: no special abilities


You were on level 6 of the Dungeon.
You were not hungry.

You visited 1 branch of the dungeon, and saw 9 of its levels.

You collected 217 gold pieces.

Inventory:

Hand Weapons
 h - a +0 antimagic mace
 i - a +0 flail
 C - the +9 great mace "Tapeequp" {crush, Fragile rElec rC+ Int+4, unknown}
   (You found it on level 4 of the Dungeon)

   It inflicts extra damage upon your enemies.
   It affects your intelligence (+4).
   It protects you from cold.
   It insulates you from electricity.
   It will be destroyed if unequipped.
Armour
 a - a +0 robe (worn)
 b - a +0 shield (worn)
Jewellery
 n - an uncursed ring of loudness
 q - an amulet of guardian spirit (around neck)
 v - a ring of protection from cold (right claw)
 F - an uncursed amulet of faith {unknown}
Wands
 l - a wand of disintegration (5/24)
 t - a wand of acid (8/15)
 w - a wand of random effects (29/48)
 x - a wand of acid (9/15)
Scrolls
 e - 2 scrolls of teleportation
 g - a scroll of remove curse
 p - a scroll of blinking {unknown}
 y - a scroll of fog {unknown}
 z - a scroll of random uselessness {unknown}
 A - a scroll of recharging {unknown}
 G - a scroll of identify
Potions
 f - 2 potions of agility
 j - a potion of curing
 m - a potion of beneficial mutation {unknown}
 o - a potion of berserk rage {unknown}
 r - 2 potions of mutation
 s - a potion of flight {unknown}
 D - a potion of invisibility {unknown}
 E - 2 potions of lignification {unknown}
Books
 u - a book of Unlife

   Spells                             Type                      Level
   a - Recall                         Summoning/Translocation      3
   b - Animate Dead                   Necromancy                   4
   c - Control Undead                 Necromancy                   4
   d - Cigotuvi's Embrace             Necromancy                   5
   e - Death Channel                  Necromancy                   6
   f - Simulacrum                     Ice/Necromancy               6
Comestibles
 c - 5 fruits
 d - 6 bread rations
 k - 2 meat rations
 B - a royal jelly


   Skills:
 - Level 2.4 Fighting
 - Level 2.4 Dodging
 - Level 2.4 Shields
 * Level 12.2 Unarmed Combat


You had 8 spell levels left.
You didn't know any spells.

Dungeon Overview and Level Annotations

Branches:
Dungeon (9/15)
 Temple: D:4-7         Lair: D:8-11         Orc: D:9-12

Altars:
Cheibriados
Elyvilon
Gozag
Nemelex Xobeh
Trog
Xom
Yredelemnul

Annotations:
D:3 exclusion: upstairs


Innate Abilities, Weirdness & Mutations

You are too large for most types of armour.
You have claws for hands.
Your metabolism is lightning-fast.
You like to eat raw meat.
You heal very quickly.
You are covered in fur. (AC +1)
You have very tough skin. (AC +2)


Message History

You claw the scorpion!
You kill the scorpion!
You feel sick.
You climb downwards.
You feel sick. The orc hits you with a dagger.
The orc wizard gestures wildly while chanting.
The orc wizard seems to speed up.
There is a stone staircase leading up, spattered with blood here.
Unknown command.
You claw the orc!
You kill the orc!
You scratch the orc.
The orc is almost dead.
You feel sick. The orc barely misses you. The orc hits you but does no damage.
You scratch the orc.
The orc is lightly wounded.
The orc closely misses you.
You mangle the orc!!
You kill the orc!
The orc wizard hits you from afar with a glaive.
The orc hits you with a short sword.
You feel sick. The orc wizard barely misses you. The orc barely misses you.
The orc wizard hits you with a glaive!
* * * LOW HITPOINT WARNING * * *
Items here: $ )) ? [ †† Unknown command.
You closely miss the orc wizard. The orc hits you with a short sword.
* * * LOW HITPOINT WARNING * * *
You block the orc wizard's attack.
Unknown command.
You mangle the orc wizard!!
You kill the orc wizard!
You block the orc's attack.
You feel sick. The orc hits you but does no damage.
Things that are here:
a glaive; a robe; an orc corpse You claw the orc!
You kill the orc!
Things that are here:
a short sword; an orc corpse Are you sure you want to abandon this character and quit the game? (Confirm with "yes".)

....#.##.#.....#♣♣.♣♣#...........
....#.##.#.#### ♣. #...........
.#............. #.###...........
.#..#.##.#.# #. ..#.##.........
.#..#.# # #. #.#.##.........
.#.##.# .#.###.####.#.##.........
.#.##.##..............##.......#.
...............<))..#.##.......#.
................@................
...##.#...#.##.[.........§.......
...##.#...# #..###.#.##$#.##....
..#####...# ##..# #.#............
..# #...#.##... ...............
..#####...#.##..###.#.##...##....
................. ..#.##...##....
.######...#.##..###.#.....§......
.# #...#.....# #.#......§§....


There were no monsters in sight!

Vanquished Creatures
  Pikel (D:4)
  2 orc warriors
  A black bear (D:7)
  An ice beast (D:6)
  A slave (D:4)
  3 ogres
  4 giant frogs
  2 scorpions
  3 killer bees (D:7)
  A crimson imp (D:6)
  A quasit (D:5)
  A giant frog skeleton (D:5)
  A hound (D:7)
  2 jellies
  2 centaur skeletons
  4 orc priests
  An iguana (D:6)
  Natasha (twice) (D:4)
  3 orc wizards
  5 worker ants
  A howler monkey zombie (D:5)
  6 adders
  2 shadow imps
  An adder skeleton (D:4)
  A worm (D:6)
  3 giant geckos
  18 orcs
  A bat (D:3)
  A giant cockroach (D:4)
  7 goblins
  9 jackals
  4 kobolds
  2 quokkas
  A ball python (D:3)
  2 giant newts
  A quokka skeleton (D:7)
  2 rats (D:3)
  A spectral orc (D:7)
104 creatures vanquished.

Vanquished Creatures (others)
  A quokka (D:7)
1 creature vanquished.

Grand Total: 105 creatures vanquished

Notes
Turn   | Place    | Note
-------+----------+-------------------------------------------
     0 | D:1      | Implojin the Troll Fighter began the quest for the Orb.
     0 | D:1      | Reached XP level 1. HP: 22/22 MP: 0/0
   152 | D:2      | Reached skill level 3 in Unarmed Combat
   152 | D:2      | Reached XP level 2. HP: 26/29 MP: 1/1
   267 | D:3      | Reached XP level 3. HP: 36/36 MP: 2/2
   303 | D:3      | Found a faded altar of an unknown god.
   434 | D:4      | Reached skill level 4 in Unarmed Combat
   493 | D:4      | Reached XP level 4. HP: 42/44 MP: 3/3
   509 | D:4      | Found a snail-covered altar of Cheibriados.
   514 | D:5      | Entered Level 5 of the Dungeon
   581 | D:5      | Reached skill level 5 in Unarmed Combat
   606 | D:5      | Noticed an ogre
   616 | D:5      | Reached XP level 5. HP: 41/50 MP: 4/4
   618 | D:5      | Killed an ogre
   618 | D:5      | Reached skill level 6 in Unarmed Combat
   675 | D:6      | Noticed an ice beast
   682 | D:6      | Killed an ice beast
   682 | D:6      | Reached XP level 6. HP: 52/59 MP: 3/5
   708 | D:6      | Reached skill level 7 in Unarmed Combat
   766 | D:7      | Found an opulent altar of Gozag.
   871 | D:6      | Reached XP level 7. HP: 62/66 MP: 4/6
   911 | D:6      | Found a sparkling altar of Nemelex Xobeh.
   994 | D:6      | Found a bloodstained altar of Trog.
   999 | D:6      | Reached skill level 8 in Unarmed Combat
  1190 | D:5      | Found a sparkling altar of Nemelex Xobeh.
  1203 | D:5      | Reached skill level 9 in Unarmed Combat
  1332 | D:4      | Found a shimmering altar of Xom.
  1358 | D:4      | Noticed Pikel
  1373 | D:4      | Killed Pikel
  1373 | D:4      | Reached skill level 10 in Unarmed Combat
  1373 | D:4      | Reached XP level 8. HP: 20/74 MP: 1/7
  1447 | D:4      | Got a crystal great mace
  1467 | D:4      | Noticed Natasha
  1472 | D:4      | Killed Natasha
  1480 | D:4      | Noticed Natasha
  1484 | D:4      | Killed Natasha
  1675 | D:7      | Found a white marble altar of Elyvilon.
  1685 | D:7      | Reached skill level 11 in Unarmed Combat
  1800 | D:7      | Reached XP level 9. HP: 34/80 MP: 5/8
  1880 | D:7      | Found a basalt altar of Yredelemnul.
  1984 | D:7      | You fall through a shaft for 2 floors!
  2015 | D:8      | Reached skill level 12 in Unarmed Combat
  2106 | D:6      | Quit the game

Vault maps used:
D:1:      dpeg_arrival_erosion, minivault_26
D:2:      minmay_heptomino_l4
D:3:      first_bread, ecumenical_altar_1, uniq_terence, uniq_purgy,
          uniq_sigmund
D:4:      xom_butterflies, lemuel_coloured_pillars_altar, lemuel_doored_altar,
          uniq_pikel, uniq_natasha
D:5:      kennysheep_little_box, nemelex_xobeh_ov_fountains_minmay
D:6:      hangedman_cross_stitches, lightli_temple_of_fire,
          hangedman_abyss_or_decor_stagger, minmay_tree_intersection,
          nemelex_diamond_rough_becter
D:7:      old_standard_altar, elyvilon_altar_4,
          yredelemnul_forgotten_temple_becter
D:8:      uniq_grum
D:9:      david_orc_3

Skill      XL: |  1  2  3  4  5  6  7  8  9 |
---------------+----------------------------+-----
Unarmed Combat | 3 4 5 6 7 10 11 12 | 12.2
Fighting       | |  2.4
Dodging        | |  2.4
Shields        | |  2.4

Action                   |  1- 3 |  4- 6 |  7- 9 || total
-------------------------+-------+-------+-------++-------
Melee: Unarmed           |    84 |    80 |   178 ||   342
Evoke: Wand              |       |       |     1 ||     1
  Use: Potion            |       |     1 |     3 ||     4
       Scroll            |       |       |     9 ||     9
  Eat: Chunk             |     7 |     6 |     4 ||    17
Armor: Robe              |    26 |    38 |    37 ||   101
Dodge: Dodged            |    29 |    29 |    58 ||   116
Block: Shield            |    45 |    42 |    66 ||   153

Table legend:
 A = Turns spent in this place as a percentage of turns spent in the entire game.
 B = Non-inter-level travel turns spent in this place as a percentage of non-inter-level travel turns spent in the entire game.
 C = Inter-level travel turns spent in this place as a percentage of turns spent in this place.
 D = Turns resting spent in this place as a percentage of non-inter-level travel turns spent in this place.
 E = Turns spent auto-exploring this place as a percentage of non-inter-level travel turns spent in this place.
 F = Non-inter-level travel turns spent in this place divided by the number of levels of this place that you've seen.
                   A       B       C       D       E      F
               +-------+-------+-------+-------+-------+----------------------
         Total | 100.0 | 100.0 |   0.0 |   0.0 |   0.0 | 231.6
       Dungeon | 100.0 | 100.0 |   0.0 |   0.0 |   0.0 | 231.6
               +-------+-------+-------+-------+-------+----------------------

Table legend:
 A = Kills in this place as a percentage of kills in entire the game.
 B = Kills by you in this place as a percentage of kills by you in the entire game.
 C = Kills by friends in this place as a percentage of kills by friends in the entire game.
 D = Other kills in this place as a percentage of other kills in the entire game.
 E = Experience gained in this place as a percentage of experience gained in the entire game.
 F = Experience gained in this place divided by the number of levels of this place that you have seen.
                   A       B       C       D       E      F
               +-------+-------+-------+-------+-------+----------------------
         Total | 100.0 | 100.0 |  -nan |  -nan | 100.0 | 370.1
       Dungeon | 100.0 | 100.0 |  -nan |  -nan | 100.0 | 370.1
               +-------+-------+-------+-------+-------+----------------------
